 Dungeon Crawl Stone Soup version 0.18-b1-22-ge198996 (webtiles) character file.

96 RudyRod the Conjurer (level 4, -7/30 HPs)
             Began as a Demonspawn Conjurer on May 3, 2016.
             Killed from afar by an orc wizard (13 damage)
             ... with a puff of frost
             ... on level 3 of the Dungeon.
             The game lasted 00:14:11 (2694 turns).

RudyRod the Conjurer (Demonspawn Conjurer)          Turns: 2694, Time: 00:14:12

Health: -7/30      AC:  2    Str:  8    XL:     4   Next: 41%
Magic:  5/7        EV: 12    Int: 18    God:
Gold:   60         SH:  0    Dex: 13    Spells: 2 memorised, 4 levels left

rFire  . . .     SeeInvis .     u - +0 morningstar
rCold  . . .     Gourm    .     a - +0 robe
rNeg   . . .     Faith    .     (no shield)
rPois  .         Spirit   .     (no helmet)
rElec  .         Dismiss  .     (no cloak)
rCorr  .         Reflect  .     (no gloves)
SustAt .         Harm     .     (no boots)
MR     .....                    m - amulet of inaccuracy (curse)
Stlth  ++........               (no ring)
                                (no ring)

@: not resistant to hostile enchantments, unstealthy
A: demonic guardian 1, powered by death 1
a: no special abilities


You were on level 3 of the Dungeon.
You were not hungry.

You visited 1 branch of the dungeon, and saw 3 of its levels.

You collected 60 gold pieces.

Inventory:

Hand Weapons
 h - a +0 club
 u - a +0 morningstar (weapon)
Armour
 a - a +0 robe (worn)
 w - a cursed +0 chain mail
Jewellery
 m - a cursed amulet of inaccuracy (around neck)
Scrolls
 f - a scroll of fear {unknown}
 i - 2 scrolls of identify {unknown}
 j - a scroll of fog {unknown}
 k - a scroll of magic mapping {unknown}
 o - a scroll of amnesia {unknown}
 p - 2 scrolls of noise {unknown}
 r - 2 scrolls of remove curse {unknown}
 s - a scroll of teleportation {unknown}
 t - a scroll of enchant armour {unknown}
Potions
 d - 5 potions of curing {unknown}
 e - 2 potions of flight {unknown}
 g - a potion of brilliance {unknown}
 l - a potion of lignification {unknown}
 n - 2 potions of invisibility {unknown}
 v - a potion of berserk rage {unknown}
 x - a potion of mutation {unknown}
Books
 b - a book of Conjurations

   Spells                             Type                      Level
   a - Magic Dart                     Conjuration                  1
   b - Searing Ray                    Conjuration                  2
   c - Dazzling Spray                 Conjuration/Hexes            3
   d - Fulminant Prism                Conjuration/Hexes            4
   e - Iskenderun's Mystic Blast      Conjuration                  4
   f - Iskenderun's Battlesphere      Conjuration/Charms           5
Comestibles
 c - 4 bread rations
 z - a slice of pizza


   Skills:
 + Level 2.1 Dodging
 + Level 2.3 Stealth
 + Level 2.3 Spellcasting
 + Level 5.2 Conjurations


You had 4 spell levels left.
You knew the following spells:

 Your Spells              Type           Power        Failure   Level  Hunger
a - Magic Dart            Conj           ###.         1%          1    #......
b - Searing Ray           Conj           ###...       3%          2    ##.....


Dungeon Overview and Level Annotations

Branches:
Dungeon (3/15)

Altars:
Xom


Innate Abilities, Weirdness & Mutations

A weak demonic guardian rushes to your aid.
You regenerate a little health from kills.


Message History

Casting: Magic Dart
Confirm with . or Enter, or press ? or * to list all spells.
Aiming: Magic Dart
Press: ? - help, Shift-Dir - straight line, f/p - orc wizard
Aim: an orc wizard, wielding a dagger and wearing a robe (moderately wounded)
The magic dart hits the orc wizard.
The orc wizard is moderately wounded.
The orc wizard gestures at you while chanting.
The puff of flame misses you.
Your white imp hits the orc wizard.
Your white imp freezes the orc wizard.
Casting: Magic Dart
Confirm with . or Enter, or press ? or * to list all spells.
Aiming: Magic Dart
Press: ? - help, Shift-Dir - straight line, f/p - orc wizard
Aim: an orc wizard, wielding a dagger and wearing a robe (almost dead)
The magic dart hits the orc wizard.
The orc wizard is almost dead.
The orc wizard gestures at you while chanting.
The puff of frost hits you!
You die...

#.....####.######'####...##.#
#.....# #.######.#
#.####.##### #..##.##
#....o5..####.# #......
#.5#...###..###)....##.#
####### o....o.oo...#
#.....##.# .###...#..###
#.....##.# .# ##.##..#
#........# .# #.....#
#.....#### .####.....#
#.@...# ......##### #.....#
...)......# ##'#####
.########.# #......# .#
#.#####......#### .#
#.#.............. .#
#####.#.#####........ ..
.........# #........ ..
.....##..# #########


You could see an orc wizard and a friendly white imp.

Vanquished Creatures
  An adder (D:3)
  An ooze (D:1)
  A worm (D:2)
  3 giant geckos
  An orc (D:3)
  3 giant cockroaches
  6 goblins
  7 hobgoblins
  2 jackals (D:1)
  16 kobolds
  A quokka (D:2)
  5 bats
  2 giant newts
  11 rats
60 creatures vanquished.

Vanquished Creatures (collateral kills)
  An orc priest (D:3)
1 creature vanquished.

Grand Total: 61 creatures vanquished

Notes
Turn   | Place    | Note
--------------------------------------------------------------
     0 | D:1      | RudyRod the Demonspawn Conjurer began the quest for the Orb.
     0 | D:1      | Reached XP level 1. HP: 13/13 MP: 3/3
   240 | D:1      | Gained mutation: You regenerate a little health from kills. [demonic ancestry]
   240 | D:1      | Reached XP level 2. HP: 19/19 MP: 1/5
   838 | D:1      | Reached XP level 3. HP: 24/24 MP: 1/6
  1276 | D:2      | Learned a level 2 spell: Searing Ray
  1717 | D:2      | Reached skill level 5 in Conjurations
  2345 | D:3      | Gained mutation: A weak demonic guardian rushes to your aid. [demonic ancestry]
  2345 | D:3      | Reached XP level 4. HP: 30/30 MP: 4/7
  2636 | D:3      | Found a shimmering altar of Xom.
  2694 | D:3      | Killed from afar by an orc wizard

Skill      XL: |  1  2  3 |
---------------+----------+-----
Stealth        | 2 |  2.3
Dodging        | 2 |  2.1
Conjurations   | 5 |  5.2
Spellcasting   | |  2.3

Action                   |  1- 3 |  4- 6 || total
-------------------------+-------+-------++-------
Melee: Unarmed           |    16 |       ||    16
       Club              |     9 |       ||     9
 Cast: Magic Dart        |    92 |    10 ||   102
  Eat: Chunk             |     6 |     1 ||     7
Armor: Robe              |     8 |       ||     8
Dodge: Dodged            |    30 |     2 ||    32
